 Dungeon Crawl Stone Soup version 0.31-a0-133-gaae73658be (webtiles) character file.

Game seed: 1877722499466653282

65 Pimp the Chopper (level 4, -2/41 HPs)
             Began as a Hill Orc Monk on June 2, 2023.
             Slain by Terence
             ... wielding a +0 morningstar
              (11 damage)
             ... on level 2 of the Dungeon.
             The game lasted 00:02:11 (1604 turns).

Pimp the Chopper (Hill Orc Monk)                    Turns: 1604, Time: 00:02:12

Health: -2/41      AC:  2    Str: 15    XL:     4   Next: 14%
Magic:  4/4        EV: 12    Int: 10    God:
Gold:   88         SH:  0    Dex: 13    Spells: 3/3 levels left

rFire   . . .        a - +0 hand axe
rCold   . . .        d - orb {light}
rNeg    . . .        b - +0 robe
rPois   .            (no helmet)
rElec   .            (no cloak)
rCorr   .            c - +0 pair of gloves
SInv    .            (no boots)
Will    .....        (no amulet)
Stlth   +            (no ring)
HPRegen 0.26/turn    (no ring)
MPRegen 0.09/turn

%: no passive effects
@: about to teleport, glowing
A: deformed body, deterioration 1
a: no special abilities


You were on level 2 of the Dungeon.
You visited 1 branch of the dungeon, and saw 2 of its levels.

You collected 88 gold pieces.

Inventory:

Hand Weapons
 a - a +0 hand axe (weapon)
Armour
 b - a +0 robe (worn)
 c - a +0 pair of gloves (worn)
 d - an orb of light (worn)
 n - a +0 plate armour
Scrolls
 i - 3 scrolls of identify {unknown}
 k - a scroll of fog {unknown}
 l - a scroll of silence {unknown}
 m - a scroll of noise {unknown}


   Skills:
 + Level 4.5 Fighting
 + Level 4.9 Axes
 + Level 3.0 Dodging


You had 3 spell levels left.
You didn't know any spells.
Your spell library contained the following spells:

 Spells                   Type           Power      Damage    Failure   Level
 Simulacrum               Ice/Necr       0%         N/A       100%        6
 Ozocubu's Refrigeration  Ice            0%         4d7       100%        7
 Polar Vortex             Ice            0%         N/A       100%        9


Dungeon Overview and Level Annotations

Branches:
Dungeon (2/15)

Altars:

Shops:
D:1 [

Annotations:
D:2 Terence


Innate Abilities, Weirdness & Mutations

Armour fits poorly on your strangely shaped body.
Your body sometimes deteriorates upon taking damage.


Message History

Terence misses you.
You hit Terence but do no damage.
Terence is moderately wounded.
Terence barely misses you. Terence hits you with a +0 morningstar!
You completely miss Terence.
Terence is moderately wounded.
Terence completely misses you.
You hit Terence but do no damage.
Terence is moderately wounded.
Terence closely misses you.
You hit Terence but do no damage.
Terence is moderately wounded.
Terence misses you.
You barely miss Terence.
Terence is moderately wounded.
Terence barely misses you.
You hit Terence but do no damage.
Terence is moderately wounded.
Terence barely misses you.
You slash Terence!
Terence is heavily wounded.
Terence hits you with a +0 morningstar.
You hit Terence but do no damage.
Terence is heavily wounded.
Terence drinks a potion.
Terence is healed!
You hit Terence but do no damage. Terence barely misses you.
You hit Terence but do no damage. Terence hits you with a +0 morningstar!
You hit Terence but do no damage. Terence closely misses you.
You hit Terence but do no damage. Terence hits you with a +0 morningstar!
* * * LOW HITPOINT WARNING * * *
You aren't carrying any potions.
As you read the scroll labelled BOOMUOG GUKAYLO, it crumbles to dust.
You feel strangely unstable.
It was a scroll of teleportation.
Terence closely misses you.
As you read the scroll labelled YRIR SOSUICS, it crumbles to dust.
It is a scroll of amnesia.
You feel forgetful for a moment. Terence says, "Did you write a will?
You should..."
Terence hits you with a +0 morningstar!
You die...

#......†..†........#
#.################(#
#.# #.# #.# #.#
#.############
#.##########
#.......>....#
#........†..
#####.##########.#
############ ......#
#.# # #.....# #@# #
#.##### #@# # #.#
#.# # #)# ...
############## #.#
... .........<...#
..#
#...#########.###.#
### ##### ####.#....
#......†.#
#.##.....#


You could see Terence.

Vanquished Creatures
  An adder (D:2)
  2 worms (D:2)
  A dart slug (D:2)
  3 ball pythons
  3 endoplasms
  6 giant cockroaches
  3 goblins (D:2)
  7 hobgoblins
  3 quokkas (D:1)
  5 bats
  7 kobolds
  3 rats
44 creatures vanquished.

Notes
Turn   | Place    | Note
-------+----------+-------------------------------------------
     0 | D:1      | Pimp the Hill Orc Monk began the quest for the Orb.
     0 | D:1      | Reached XP level 1. HP: 19/19 MP: 1/1
   116 | D:1      | Reached XP level 2. HP: 21/27 MP: 2/2
   690 | D:1      | Reached XP level 3. HP: 29/33 MP: 3/3
   733 | D:1      | Found Ufaip's Armour Boutique.
  1147 | D:2      | Gained mutation: Armour fits poorly on your strangely
                  | shaped body. [potion of mutation]
  1147 | D:2      | Gained mutation: Your body sometimes deteriorates upon
                  | taking damage. [potion of mutation]
  1154 | D:2      | Reached XP level 4. HP: 39/41 MP: 4/4
  1583 | D:2      | Noticed Terence
  1604 | D:2      | Slain by Terence

Illustrated notes

Levels and vault maps discovered:
D:1:      shiori_arrival_elements, layout_basic, serial_shops, shop
D:2:      layout_loops_ring, uniq_terence

Skill      XL: |  1  2  3 |
---------------+----------+-----
Fighting       | 4 |  4.5
Dodging        | 3 |  3.0
Axes           | |  4.9

Action                     |  1- 3 |  4- 6 || total
---------------------------+-------+-------++-------
  Melee: Hand axe          |   117 |    23 ||   140
    Use: Potion            |     4 |       ||     4
         Scroll            |       |     2 ||     2
 Armour: Robe              |    18 |       ||    18
  Dodge: Dodged            |    87 |    17 ||   104

Table legend: (Time is in decaauts)
 A = Elapsed time spent in this place.
 B = Non-inter-level travel time spent in this place.
 C = Inter-level travel time spent in this place.
 D = Time resting spent in this place.
 E = Time spent auto-exploring this place.
 F = Levels seen in this place.
 G = Mean time per level.
                   A        B        C        D        E       F      G
               +--------+--------+--------+--------+--------+-----+--------+
         Total |   1614 |   1601 |     13 |     38 |   1240 |   2 |  807.0 |
       Dungeon |   1614 |   1601 |     13 |     38 |   1240 |   2 |  807.0 |
               +--------+--------+--------+--------+--------+-----+--------+

Top non-repeatable levels by time:
     D:2: 831 daAuts
     D:1: 783 daAuts
